 Dungeon Crawl Stone Soup version 0.23.2-1-ga50397a6bc (webtiles) character file.

Game seed: 13554193627275603738

268006 Gumption the Bewitcher (level 19, -1/98 HPs)
             Began as a Spriggan Enchanter on May 26, 2019.
             Was the Champion of Dithmenos.
             Killed from afar by an ancient champion (31 damage)
             ... with a bolt of negative energy
             ... on level 2 of the Vaults on May 27, 2019.
             The game lasted 11:34:08 (63754 turns).

Gumption the Bewitcher (Spriggan Enchanter)        Turns: 63754, Time: 11:34:08

Health: -1/98      AC: 13    Str:  4    XL:     19   Next: 36%
Magic:  29/35      EV: 30    Int: 23    God:    Dithmenos [******]
Gold:   1345       SH: 12    Dex: 18    Spells: 11/41 levels left

rFire    + . .     SeeInvis +   a - +2 dagger of Massacring {pierce, +Fly rF+}
rCold    + + .     Gourm    .   D - +1 buckler {rC+}
rNeg     . . .     Faith    .   K - +0 steam dragon scales
rPois    +         Spirit   .   w - +2 hat
rElec    .         Reflect  +   M - +0 cloak {rPois}
rCorr    .         Harm     .   (gloves unavailable)
MR       +++..                  (boots unavailable)
Stlth    ++++++++++             d - +4 amulet of reflection
HPRegen  0.26/turn              C - ring of Robustness {AC+8, =R}
MPRegen  0.24/turn              z - ring of protection from cold

@: wreathed by umbra, heavily drained, very quick
A: very small, unfitting armour, see invisible, deformed body, herbivore, speed
3, slow metabolism 2
}: 2/15 runes: decaying, gossamer
a: Shadow Step, Shadow Form, Renounce Religion, Evoke Flight


You were on level 2 of the Vaults.
You worshipped Dithmenos.
Dithmenos was exalted by your worship.
You were near starving.

You visited 8 branches of the dungeon, and saw 35 of its levels.
You also visited: Gauntlet and Ice Cave.

You collected 3315 gold pieces.
You spent 1970 gold pieces at shops.

Inventory:

Hand Weapons
 a - the +2 dagger of Massacring (weapon) {pierce, +Fly rF+}
   (You bought it in a shop on level 1 of the Vaults)

   It inflicts extra damage upon your enemies.
   It protects you from fire.
   It lets you fly.
 I - a +5 dagger of electrocution
Missiles
 r - 73 tomahawks (quivered)
 y - 5 throwing nets
Armour
 w - a +2 hat (worn)
 D - a +1 buckler of cold resistance (worn)
 K - +0 steam dragon scales (worn)
 M - a +0 cloak of poison resistance (worn)
 Y - a +1 hat of magic resistance
Jewellery
 b - an uncursed ring of poison resistance
 d - a +4 amulet of reflection (around neck)
 h - an uncursed ring of protection from fire
 z - a ring of protection from cold (right hand)
 C - the ring of Robustness (left hand) {AC+8, =R}
   (You found it on level 10 of the Dungeon)

   [ring of protection]

   It affects your AC (+8).
 E - an uncursed ring of flight
 O - an uncursed ring of magical power
Wands
 n - a wand of enslavement (18)
 o - a wand of iceblast (37)
 q - a wand of digging (8)
 N - a wand of clouds (4)
 P - a wand of random effects (23)
 U - a wand of polymorph (31)
 V - a wand of acid (10)
Scrolls
 c - 18 scrolls of teleportation
 j - 12 scrolls of remove curse
 p - 8 scrolls of fog
 s - 10 scrolls of magic mapping
 F - a scroll of immolation
 Q - a scroll of vulnerability
 S - 4 scrolls of blinking
 T - a scroll of silence
 W - 3 scrolls of fear
Potions
 f - 4 potions of flight
 g - 5 potions of curing
 i - 9 potions of haste
 k - 4 potions of agility
 l - 5 potions of ambrosia
 m - 4 potions of mutation
 t - 3 potions of magic
 u - 6 potions of heal wounds
 v - 7 potions of lignification
 x - 2 potions of might
 A - 4 potions of cancellation
 B - 2 potions of invisibility
 J - 2 potions of resistance
 L - 2 potions of berserk rage
 Z - a potion of brilliance
Miscellaneous
 G - a sack of spiders
 H - a lamp of fire
 R - a fan of gales
Comestibles
 e - 13 rations


   Skills:
 * Level 9.9(7.8) Fighting
 - Level 10.0(7.9) Short Blades
 + Level 16.2(13.8) Dodging
 - Level 16.3(13.9) Stealth
 - Level 7.2(5.2) Shields
 * Level 11.8(9.6) Spellcasting
 + Level 5.6(3.8) Conjurations
 + Level 18.2(15.6) Hexes
 - Level 5.0(3.1) Charms
 - Level 2.0(0.3) Summonings
 - Level 3.0(1.3) Translocations
 * Level 15.2(12.8) Ice Magic
 + Level 10.6(8.5) Invocations
 - Level 10.0(7.9) Evocations


You had 11 spell levels left.
You knew the following spells:

 Your Spells              Type           Power        Failure   Level  Hunger
a - Ensorcelled Hibernat  Hex/Ice        ######       1%          2    None
b - Spectral Weapon       Hex/Chrm       ######..     1%          3    None
c - Confuse               Hex            ######..     1%          3    None
d - Tukima's Dance        Hex            ######..     1%          3    None
e - Apportation           Tloc           ###...       4%          1    None
f - Invisibility          Hex            ######..     1%          6    ######.
g - Summon Mana Viper     Hex/Summ       #####...     7%          5    ####...
h - Bolt of Cold          Conj/Ice       #####.....   34%         6    ######.
i - Summon Butterflies    Summ           ##......     6%          1    None

Your spell library contained the following spells:

 Spells                   Type           Power        Failure   Level  Hunger
 Corona                   Hex            ######.      0%          1    None
 Infusion                 Chrm           ####         1%          1    None
 Dazzling Spray           Conj/Hex       ######       1%          3    None
 Summon Guardian Golem    Hex/Summ       #####...     1%          3    None
 Metabolic Englaciation   Hex/Ice        ######....   1%          5    ####...
 Darkness                 Hex            ######....   1%          6    ######.
 Song of Slaying          Chrm           ####....     2%          2    None
 Flame Tongue             Conj/Fire      ###..        3%          1    None
 Sting                    Conj/Pois      ###.         3%          1    None
 Shroud of Golubria       Chrm/Tloc      ###.......   4%          2    None
 Ice Form                 Ice/Tmut       #####...     4%          4    ##.....
 Summon Ice Beast         Ice/Summ       #####...     4%          4    ##.....
 Swiftness                Chrm/Air       ###.....     5%          2    None
 Ozocubu's Refrigeration  Ice            ######....   5%          6    ######.
 Summon Small Mammal      Summ           ##..         6%          1    None
 Beastly Appendage        Tmut           ##....       7%          1    None
 Call Imp                 Summ           ##......     9%          2    None
 Conjure Flame            Conj/Fire      ###.....     10%         3    None
 Static Discharge         Conj/Air       ###.....     10%         3    None
 Passwall                 Tmut/Erth      ##......     11%         2    None
 Poisonous Vapours        Pois/Air       ##....       11%         2    None
 Sticks to Snakes         Tmut           ##......     11%         2    None
 Sublimation of Blood     Necr           ##........   11%         2    None
 Regeneration             Chrm/Necr      ###.......   11%         3    None
 Lesser Beckoning         Tloc           ###.......   12%         3    None
 Mephitic Cloud           Conj/Pois/Air  ###.....     12%         3    None
 Recall                   Summ/Tloc      N/A          14%         3    None
 Call Canine Familiar     Summ           ##......     19%         3    None
 Ignite Poison            Fire/Tmut/Pois ##......     21%         3    None
 Spider Form              Tmut/Pois      ##........   21%         3    None
 Passage of Golubria      Tloc           N/A          36%         4    ##.....
 Summon Lightning Spire   Summ/Air       ##......     54%         4    ##.....
 Animate Dead             Necr           N/A          56%         4    ##.....
 Olgreb's Toxic Radiance  Pois           ##......     56%         4    ##.....
 Petrify                  Tmut/Erth      ##......     56%         4    ##.....
 Simulacrum               Ice/Necr       #####.....   58%         6    ######.
 Fireball                 Conj/Fire      ###.......   65%         5    ####...
 Irradiate                Conj/Tmut      ###.......   65%         5    ####...
 Lightning Bolt           Conj/Air       ###.......   65%         5    ####...
 Venom Bolt               Conj/Pois      ###.......   65%         5    ####...
 Freezing Cloud           Conj/Ice/Air   #####.....   71%         6    ######.
 Bolt of Magma            Conj/Fire/Erth ###.......   73%         5    ####...
 Summon Forest            Summ/Tloc      ##........   80%         5    ####...
 Aura of Abjuration       Summ           ##........   86%         5    ####...
 Summon Demon             Summ           ##........   86%         5    ####...
 Alistair's Intoxication  Tmut/Pois      ##......     88%         5    ####...
 Blade Hands              Tmut           ##........   88%         5    ####...
 Borgnjor's Vile Clutch   Necr/Erth      ##........   88%         5    ####...
 Lee's Rapid Deconstruct  Erth           ##........   88%         5    ####...
 Bolt of Fire             Conj/Fire      ###.......   99%         6    ######.
 Deflect Missiles         Chrm/Air       ###.......   99%         6    ######.
 Death Channel            Necr           ##........   100%        6    ######.
 Shadow Creatures         Summ           N/A          100%        6    ######.
 Ring of Flames           Chrm/Fire      ###.......   100%        7    #######
 Ignition                 Fire           ##........   100%        8    #######
 Shatter                  Erth           ##........   100%        9    #######
 Tornado                  Air            ##........   100%        9    #######


Dungeon Overview and Level Annotations

Branches:
Dungeon (15/15)            Temple (1/1) D:6            Lair (6/6) D:8
  Swamp (4/4) Lair:4       Spider (4/4) Lair:2        Slime (0/5) Lair:6
    Orc (2/2) D:10            Elf (1/3) Orc:2        Vaults (2/5) D:14
  Crypt (0/3) Vaults:2     Depths (0/5) D:15

Altars:
Ashenzari
Cheibriados
Dithmenos
Elyvilon
Fedhas
Gozag
Hepliaklqana
Kikubaaqudgha
Makhleb
Nemelex Xobeh
Okawaru
Qazlal
Ru
Sif Muna
Trog
Uskayaw
Vehumet
Wu Jian
Xom
Yredelemnul
Zin
The Shining One
Beogh
Jiyva

Shops:
D:6 (   D:10 :   Orc:2 !*[   Vaults:1 *(!((

Annotations:
D:8 3 runed translucent doors, Gargoyl's ghost, novice CeAK
Lair:3 exclusion: downstairs
Lair:6 1 runed translucent door
Swamp:2 2 transporters, will825x's ghost, adept OpAs
Swamp:3 exclusion: Roxanne, Roxanne


Innate Abilities, Weirdness & Mutations

You are very small and have problems with some larger weapons.
You are too small for most types of armour.
You have supernaturally acute eyesight. (SInv)
You are a herbivore.
You cover ground extremely quickly.
You need to consume almost no food.
Armour fits poorly on your strangely shaped body.


Message History

You block the ancient champion's attack.
The phantasmal warrior blinks!
The ancient champion points at you and mumbles some strange words.
The bolt of negative energy hits you!!
You feel drained.
You emit a cloud of dark smoke.
You are near starving!
The ancient champion is no longer moving quickly.
The ancient champion points at you and mumbles some strange words.
The bolt of negative energy hits you!!
You feel drained.
* * * LOW HITPOINT WARNING * * *
You emit a cloud of dark smoke.
The ancient champion gestures wildly while chanting.
The ancient champion seems to speed up.
There is an open door here.
The ancient champion points at you and mumbles some strange words.
The bolt of negative energy misses you.
There is an open door here.
The ancient champion casts a spell at you.
The bolt of negative energy hits you!!
You feel drained.
You die...

.######################## #######
.#...............................
.#...............................
.#..##########'#.................
.#..#..........#z................
.#..#....##....#.................
.#..#....##....#.................
.#..#..........'.................
.#..#.##....##.#@................
.#..#.##....##.#......#########..
.#..#..........#......#......(#..
.#..#....##....#......#...(...#..
.#..#....##....#§.§..)#)......#..
.#..'..........#§§§...)....(..#..
.#..############§§§.[)#..).<..#.)
.#......§§.§......§.).#.......#..
.#.....§§§§§..z......)#.......#..


You could see an ancient champion.

Vanquished Creatures
  Bai Suzhen (Spider:4)
  Arachne (Spider:4)
  Rupert (Orc:2)
  Asterion (Spider:1)
  Frances (Spider:2)
  A sphinx (Vaults:1)
  2 tengu reavers (D:13)
  3 thorn hunters
  10 emperor scorpions
  4 ghost moths
  2 vault wardens (Vaults:1)
  3 ironheart preservers
  A ghoul (Vaults:2)
  An entropy weaver (Spider:1)
  3 stone giants
  A minotaur (Gauntlet)
  A spark wasp (Spider:3)
  Josephine (Lair:6)
  A fire dragon (Vaults:1)
  4 yaktaur captains
  A great orb of eyes (Gauntlet)
  Harold (D:8)
  3 shambling mangroves
  2 vault guards (Vaults:1)
  22 hydras
  2 death knights
  A catoblepas (Lair:6)
  A ghost crab (Swamp:3)
  11 alligators
  3 centaur warriors
  An ice dragon (Vaults:2)
  5 death yaks (Lair:6)
  6 ogre magi
  16 two-headed ogres
  A deep troll shaman (Lair:6)
  A tengu warrior (D:15)
  5 orc high priests (Orc:2)
  Nergalle (D:10)
  A deep elf knight (Vaults:1)
  2 skeletal warriors (D:15)
  5 unseen horrors
  An unseen horror (shapeshifter) (Vaults:1)
  10 swamp dragons
  4 spriggan druids
  3 glowing orange brains
  5 ironbrand convokers
  5 deep elf magi
  21 orb spiders
  2 deep elf archers (Elf:1)
  6 orc knights
  3 harpies (Vaults:1)
  A wizard (Vaults:2)
  2 necromancers
  21 ugly things
  An oklob plant (Gauntlet)
  2 orc sorcerers
  38 wolf spiders
  9 cyclopes
  A manticore (D:13)
  A moth of wrath (Spider:4)
  4 elephants (Lair:6)
  2 black mambas
  An ice statue (IceCv)
  A vault sentinel (Vaults:2)
  2 gargoyles (D:13)
  Joseph (D:10)
  8 spiny frogs
  2 torpor snails (Spider:4)
  15 demonic crawlers
  9 kobold demonologists
  11 freezing wraiths
  10 komodo dragons
  An ice devil (Gauntlet)
  10 yaktaurs
  A tengu conjurer (D:15)
  A troll (shapeshifter) (D:14)
  7 trolls
  30 jumping spiders
  11 hornets
  27 slime creatures
  Prince Ribbit (D:9)
  3 bog bodies
  6 polar bears
  6 tyrant leeches
  2 blink frogs (Swamp:4)
  2 hippogriffs (shapeshifter) (D:15)
  2 blink frogs (shapeshifter)
  6 dream sheep
  6 hippogriffs
  79 redbacks
  3 spriggans
  3 shadows
  7 wraiths
  A wyvern (Lair:4)
  A vampire (D:10)
  3 hogs (D:8)
  34 yaks
  A human (D:8)
  41 tarantellas
  2 basilisks
  A water elemental (D:15)
  2 steam dragons
  14 vampire mosquitoes
  A naga (shapeshifter) (D:15)
  A death yak simulacrum (IceCv)
  10 wargs
  18 swamp worms
  3 insubstantial wisps
  5 acid dragons
  8 water moccasins
  9 porcupines
  14 swamp drakes
  21 orc warriors
  2 hornet zombies
  6 sky beasts
  4 black bears
  17 ice beasts
  4 phantoms
  An eye of draining (D:13)
  An eye of draining (shapeshifter) (D:14)
  18 wolves
  23 ogres
  10 centaurs
  A centaur (shapeshifter) (D:14)
  17 crocodiles
  6 big kobolds
  19 bullfrogs
  3 wyvern skeletons
  22 killer bees
  5 scorpions
  An elephant simulacrum (IceCv)
  An elf simulacrum (Vaults:2)
  8 howler monkeys
  An electric eel (Spider:4)
  10 crimson imps
  3 quasits
  2 bullfrog zombies
  7 centaur zombies
  2 draconian simulacra (IceCv)
  6 jellies
  24 orc priests
  16 hounds
  5 iguanas
  4 centaur skeletons
  22 orc wizards
  13 worker ants
  3 spriggan simulacra (IceCv)
  A troll simulacrum (IceCv)
  2 wolf simulacra (IceCv)
  8 centaur simulacra
  A hound skeleton (D:5)
  A worker ant zombie (D:10)
  6 ogre simulacra (IceCv)
  9 adders
  3 naga simulacra (IceCv)
  4 shadow imps
  13 white imps
  2 oozes
  2 worms
  3 dart slugs
  2 leopard geckos
  76 orcs
  4 ball pythons
  2 giant cockroaches
  10 goblins
  8 hobgoblins
  8 jackals
  5 quokkas
  8 bats
  4 frilled lizards
  A jackal skeleton (D:4)
  18 kobolds
  A leopard gecko skeleton (D:6)
  A quokka skeleton (D:4)
  5 rats
  4 fungi
1239 creatures vanquished.

Vanquished Creatures (collateral kills)
  Mara (Swamp:3)
  A sphinx (Vaults:1)
  Kirke (Swamp:4)
  An emperor scorpion (Spider:4)
  An ironheart preserver (Vaults:1)
  An entropy weaver (Spider:3)
  A fire dragon (Vaults:1)
  2 ogre magi
  A hydra (Swamp:4)
  2 shambling mangroves
  A centaur warrior (Vaults:1)
  14 two-headed ogres
  Urug (Lair:2)
  3 orc high priests (Orc:2)
  A deep elf knight (Elf:1)
  6 deep elf magi
  3 harpies
  4 orc knights
  A wolf spider (Spider:4)
  A cyclops (Vaults:1)
  A demonic crawler (Spider:4)
  2 jumping spiders
  3 slime creatures
  A blink frog (Swamp:4)
  3 centaur simulacra (D:15)
  7 redbacks
  A tarantella (Spider:4)
  A hog (Swamp:4)
  A steam dragon (D:10)
  3 vampire mosquitoes
  A harpy simulacrum (D:15)
  A warg (Vaults:1)
  2 swamp drakes (Swamp:4)
  9 orc warriors
  2 ice beasts (D:15)
  5 ogres
  3 centaurs (Vaults:1)
  A bullfrog (D:14)
  A crimson imp (D:15)
  A wyvern simulacrum (D:15)
  8 orc priests
  7 orc wizards
  A worker ant (D:11)
  An adder skeleton (D:10)
  26 orcs
  A kobold (D:9)
140 creatures vanquished.

Vanquished Creatures (others)
  A yaktaur captain (Vaults:1)
  A phantasmal warrior (Vaults:1)
  A spiny frog (Lair:5)
  A demonic crawler (Spider:2)
  A yaktaur (Vaults:1)
  A tarantella (Spider:1)
  5 humans (Swamp:4)
  17 dancing weapons
  An orc warrior (Vaults:2)
  2 centaurs (D:14)
  An orc wizard (Orc:1)
  2 orcs (Orc:2)
  4 briar patches
  2 fungi
  A plant (Lair:2)
  22 spectral weapons
63 creatures vanquished.

Grand Total: 1442 creatures vanquished

Notes
Turn   | Place    | Note
-------+----------+-------------------------------------------
     0 | D:1      | Gumption the Spriggan Enchanter began the quest for the
                  | Orb.
     0 | D:1      | Reached XP level 1. HP: 9/9 MP: 5/5
   444 | D:1      | Reached XP level 2. HP: 11/13 MP: 2/6
   450 | D:1      | Learned a level 2 spell: Ensorcelled Hibernation
   643 | D:1      | Reached skill level 4 in Hexes
  1542 | D:2      | Reached XP level 3. HP: 16/16 MP: 8/8
  2452 | D:2      | Reached skill level 1 in Ice Magic
  2899 | D:2      | Reached skill level 5 in Stealth
  3208 | D:2      | Learned a level 3 spell: Confuse
  3335 | D:3      | Reached XP level 4. HP: 21/21 MP: 6/9
  3340 | D:3      | Learned a level 3 spell: Tukima's Dance
  4897 | D:3      | Reached skill level 5 in Hexes
  5128 | D:4      | Found a stormy altar of Qazlal.
  5216 | D:4      | Reached XP level 5. HP: 24/24 MP: 6/11
  5641 | D:4      | Noticed an ogre
  6190 | D:4      | Reached XP level 6. HP: 28/28 MP: 7/12
  7075 | D:5      | Entered Level 5 of the Dungeon
  7710 | D:5      | Reached skill level 6 in Hexes
  7710 | D:5      | Reached XP level 7. HP: 29/32 MP: 3/14
  7861 | D:5      | Found a bloodstained altar of Trog.
  8036 | D:5      | Found a deep blue altar of Sif Muna.
  8281 | D:4      | Reached skill level 5 in Dodging
  8558 | D:6      | Reached skill level 1 in Evocations
  8681 | D:6      | Found a sparkling altar of Nemelex Xobeh.
  8768 | D:6      | Reached XP level 8. HP: 36/36 MP: 12/16
  8826 | D:6      | Found a staircase to the Ecumenical Temple.
  8836 | Temple   | Entered the Ecumenical Temple
  9014 | Temple   | Became a worshipper of Dithmenos the Shadowed
  9071 | D:6      | Found a blossoming altar of Fedhas.
  9083 | D:6      | Found Lios's Weapon Boutique.
  9419 | D:7      | Noticed a hippogriff
  9436 | D:6      | Killed a hippogriff
  9436 | D:6      | Reached skill level 5 in Spellcasting
  9436 | D:6      | Reached skill level 7 in Hexes
 10000 | D:7      | Found a sacrificial altar of Ru.
 10273 | D:7      | Found an ornate altar of the Wu Jian Council.
 10618 | D:7      | Found a blossoming altar of Fedhas.
 11001 | D:7      | Reached XP level 9. HP: 39/39 MP: 7/18
 11115 | D:7      | Reached skill level 8 in Hexes
 11140 | D:8      | Found a runed translucent gate.
 11140 | D:8      | Found a runed translucent gate.
 11140 | D:8      | Found a runed translucent gate.
 11140 | D:8      | Found an opulent altar of Gozag.
 11145 | D:8      | Noticed Gargoyl's ghost (novice CeAK)
 11460 | D:8      | Found a staircase to the Lair.
 11462 | D:8      | Reached skill level 1 in Invocations
 11617 | D:8      | Reached * piety under Dithmenos
 12198 | D:8      | Reached skill level 5 in Ice Magic
 12490 | D:9      | Reached skill level 9 in Hexes
 13195 | D:8      | Found a staircase to the Lair.
 13199 | D:8      | Found a runed translucent gate.
 13199 | D:8      | Found a runed translucent gate.
 13199 | D:8      | Found a runed translucent gate.
 13201 | D:8      | Found an opulent altar of Gozag.
 13210 | D:8      | Reached skill level 5 in Short Blades
 13380 | D:9      | Noticed Prince Ribbit
 13423 | D:9      | Killed Prince Ribbit
 13423 | D:9      | Reached skill level 5 in Evocations
 13423 | D:9      | Reached XP level 10. HP: 44/44 MP: 17/20
 13686 | D:9      | Reached ** piety under Dithmenos
 14038 | D:9      | Noticed Harold
 14637 | D:8      | Killed Harold
 14637 | D:8      | Reached skill level 10 in Hexes
 15110 | D:10     | Entered Level 10 of the Dungeon
 15333 | D:10     | Found a staircase to the Orcish Mines.
 15497 | D:10     | Noticed a cyclops
 15579 | D:10     | Noticed a two-headed ogre
 15581 | D:10     | Killed a two-headed ogre
 15581 | D:10     | Reached skill level 10 in Stealth
 15638 | D:10     | Noticed a two-headed ogre
 15695 | D:10     | Noticed Nergalle
 15847 | D:10     | Killed a cyclops
 15930 | D:10     | Reached XP level 11. HP: 47/47 MP: 20/23
 16020 | D:10     | Noticed an unseen horror
 16040 | D:10     | Killed an unseen horror
 16060 | D:10     | Noticed Joseph
 16326 | D:10     | Found the ring of Robustness {AC+8}
 16495 | D:10     | Found Reineiby's Book Emporium.
 16584 | D:10     | Reached skill level 11 in Hexes
 16843 | D:10     | Killed Joseph
 17646 | D:10     | Found Reineiby's Book Emporium.
 17719 | D:10     | Found a staircase to the Orcish Mines.
 17926 | Lair:1   | Entered Level 1 of the Lair of Beasts
 17956 | Lair:1   | Reached *** piety under Dithmenos
 18336 | Lair:1   | Reached skill level 1 in Fighting
 19028 | D:10     | Bought a book of Battle for 480 gold pieces
 19035 | D:10     | Learned a level 3 spell: Spectral Weapon
 19077 | D:10     | Killed a two-headed ogre
 19417 | Lair:2   | Reached skill level 1 in Charms
 19908 | Lair:2   | Noticed a catoblepas
 20014 | Lair:2   | Learned a level 1 spell: Apportation
 20021 | Lair:2   | Learned a level 6 spell: Invisibility
 20056 | Lair:2   | Reached skill level 5 in Invocations
 20076 | Lair:2   | Noticed Urug
 20092 | Lair:2   | Killed Urug
 20504 | Lair:2   | Reached skill level 10 in Dodging
 20504 | Lair:2   | Reached XP level 12. HP: 56/56 MP: 25/25
 20510 | Lair:2   | Found a hole to the Spider Nest.
 20788 | Lair:2   | Identified the Almanac of the Assorted Beds
 21116 | Lair:3   | Found a gate leading to a gauntlet.
 21130 | Gauntlet | Entered a Gauntlet
 21130 | Gauntlet | Found a transporter.
 21130 | Gauntlet | Found a transporter.
 21131 | Gauntlet | Found a transporter.
 21132 | Gauntlet | Found a transporter.
 21132 | Gauntlet | Found a transporter.
 21135 | Gauntlet | Found a transporter.
 21141 | Gauntlet | Found a transporter.
 21144 | Gauntlet | Found a transporter.
 21146 | Gauntlet | Found a transporter.
 21146 | Gauntlet | Found a transporter.
 21151 | Gauntlet | Noticed a great orb of eyes
 21154 | Gauntlet | Found a transporter.
 21158 | Gauntlet | Found a transporter.
 21163 | Gauntlet | Found a runed translucent door.
 21594 | Gauntlet | Reached skill level 12 in Hexes
 21636 | Gauntlet | Got a scorched platinum amulet
 21854 | Gauntlet | Identified the amulet of Twilight {Gourm rPois Str+7} (You
                  | found it in a Gauntlet)
 21891 | Gauntlet | Killed a great orb of eyes
 22063 | Gauntlet | Noticed a minotaur
 22075 | Gauntlet | Killed a minotaur
 22270 | Lair:3   | Identified a scroll of acquirement
 22549 | Lair:3   | Found a basalt altar of Yredelemnul.
 23350 | Lair:4   | Reached skill level 1 in Shields
 23566 | Lair:4   | Noticed a six-headed hydra
 23568 | Lair:4   | Killed a six-headed hydra
 23585 | Lair:4   | Noticed a seven-headed hydra
 23684 | Lair:4   | Killed a seven-headed hydra
 23818 | Lair:4   | Found a staircase to the Swamp.
 24438 | Lair:5   | Found a frozen archway.
 24642 | IceCv    | Entered an ice cave
 24997 | IceCv    | Reached XP level 13. HP: 61/61 MP: 27/27
 24999 | IceCv    | Reached **** piety under Dithmenos
 25034 | IceCv    | Reached skill level 5 in Charms
 25787 | IceCv    | Found an ancient bone altar of Kikubaaqudgha.
 25853 | IceCv    | Reached skill level 13 in Hexes
 26468 | Lair:5   | Reached ***** piety under Dithmenos
 26677 | Lair:4   | Reached skill level 1 in Translocations
 27449 | Lair:6   | Entered Level 6 of the Lair of Beasts
 27959 | Lair:6   | Noticed Josephine
 28107 | Lair:6   | Found a runed translucent door.
 28107 | Lair:6   | Found a viscous altar of Jiyva.
 28147 | Lair:6   | Found a staircase to the Slime Pits.
 28477 | Lair:6   | Killed Josephine
 29905 | D:11     | Reached skill level 10 in Evocations
 29905 | D:11     | Reached XP level 14. HP: 66/66 MP: 10/28
 30557 | D:10     | Killed Nergalle
 31471 | D:13     | Reached skill level 14 in Hexes
 31745 | D:13     | Reached skill level 5 in Shields
 31892 | D:13     | Learned a level 5 spell: Summon Mana Viper
 31905 | D:13     | Noticed a tengu reaver
 31905 | D:13     | Noticed a stone giant
 31914 | D:13     | Noticed a tengu reaver
 31916 | D:13     | Killed a stone giant
 31918 | D:13     | Killed a tengu reaver
 31920 | D:13     | Killed a tengu reaver
 34408 | D:14     | Found a gate to the Vaults.
 34408 | D:14     | Noticed an ironheart preserver
 34809 | D:14     | Killed an ironheart preserver
 34809 | D:14     | Reached XP level 15. HP: 70/70 MP: 26/29
 34850 | D:15     | Entered Level 15 of the Dungeon
 35211 | D:15     | Reached skill level 10 in Short Blades
 35211 | D:15     | Reached skill level 15 in Hexes
 35916 | D:15     | Reached ****** piety under Dithmenos
 36362 | D:15     | Reached skill level 1 in Summonings
 36382 | D:15     | Found a staircase to the Depths.
 36690 | D:15     | Reached skill level 10 in Ice Magic
 36864 | D:10     | Bought a book of Ice for 780 gold pieces
 36871 | D:10     | Learned a level 6 spell: Bolt of Cold
 36888 | Orc:1    | Entered Level 1 of the Orcish Mines
 36984 | Orc:2    | Entered Level 2 of the Orcish Mines
 36984 | Orc:2    | Found a staircase to the Elven Halls.
 37527 | Orc:1    | Found a runed translucent door.
 37892 | Orc:1    | Found a roughly hewn altar of Beogh.
 38984 | Orc:2    | Reached skill level 1 in Conjurations
 39760 | Orc:2    | Found Pine Eke's General Store.
 39760 | Orc:2    | Found Recuab's Armour Shoppe.
 39863 | Orc:2    | Noticed Rupert
 39877 | Orc:2    | Killed Rupert
 40108 | Orc:2    | Found a roughly hewn altar of Beogh.
 40120 | Orc:2    | Found Waqiam's Distillery.
 40120 | Orc:2    | Found Healet Eche's Jewellery Shoppe.
 40545 | Spider:1 | Entered Level 1 of the Spider Nest
 41356 | Elf:1    | Entered Level 1 of the Elven Halls
 41400 | Elf:1    | Reached XP level 16. HP: 20/75 MP: 16/30
 42580 | Spider:1 | Reached skill level 15 in Stealth
 42598 | Spider:1 | Reached skill level 5 in Fighting
 42752 | Spider:1 | Got a transparent amber ring
 42769 | Spider:1 | Noticed Asterion
 42772 | Spider:1 | Killed Asterion
 42772 | Spider:1 | Reached skill level 16 in Hexes
 44917 | Spider:2 | Identified the ring of Harmony {Int+4 Dex+4} (You found it
                  | on level 1 of the Spider Nest)
 44927 | Spider:2 | Noticed Frances
 44945 | Spider:2 | Killed Frances
 47297 | Spider:3 | Reached XP level 17. HP: 67/83 MP: 26/31
 48642 | Spider:4 | Entered Level 4 of the Spider Nest
 49560 | Spider:4 | Noticed Arachne
 49576 | Spider:4 | Killed Arachne
 49576 | Spider:4 | Reached skill level 17 in Hexes
 50542 | Spider:4 | Noticed Bai Suzhen
 50565 | Spider:4 | Killed Bai Suzhen
 52273 | Spider:4 | Got a gossamer rune of Zot
 52525 | Swamp:1  | Entered Level 1 of the Swamp
 52733 | Swamp:1  | Reached skill level 15 in Dodging
 53398 | Swamp:2  | Found a bloodstained altar of Trog.
 53413 | Swamp:2  | Identified the +7 demon whip "Fuorag" {vamp, rF+}
 53414 | Swamp:2  | Noticed will825x's ghost (adept OpAs)
 53420 | Swamp:2  | Found a transporter.
 53449 | Swamp:2  | Identified the cursed +1 lajatang of Red Wine {elec, rC+
                  | Str+3}
 53456 | Swamp:2  | Found a transporter.
 53690 | Swamp:2  | Found an ancient bone altar of Kikubaaqudgha.
 54211 | Swamp:3  | Identified Roxanne's Compendium of Transmigration
 54211 | Swamp:3  | Noticed Roxanne
 54834 | Swamp:2  | Reached XP level 18. HP: 59/90 MP: 27/32
 55739 | Swamp:4  | Entered Level 4 of the Swamp
 55739 | Swamp:4  | Noticed Mara
 55745 | Swamp:3  | Killed Mara
 55895 | Swamp:4  | Learned a level 1 spell: Summon Butterflies
 55929 | Swamp:4  | Reached skill level 10 in Spellcasting
 56194 | Swamp:4  | Noticed Kirke
 56233 | Swamp:4  | Killed Kirke
 56669 | Swamp:4  | Reached skill level 10 in Invocations
 57774 | Swamp:4  | Gained mutation: Armour fits poorly on your strangely
                  | shaped body. [mutagenic glow]
 58075 | Swamp:4  | Reached skill level 5 in Conjurations
 58470 | Swamp:4  | Got a decaying rune of Zot
 59056 | Orc:2    | Bought a ration for 85 gold pieces
 59056 | Orc:2    | Bought a ration for 85 gold pieces
 59284 | Vaults:1 | Entered Level 1 of the Vaults
 59284 | Vaults:1 | Found Minox's Assorted Antiques.
 59294 | Vaults:1 | Bought a blackened steel amulet for 130 gold pieces
 59827 | Vaults:1 | Found Tiecris's Weapon Emporium.
 59881 | Vaults:1 | Found Raduur's Antique Weapon Emporium.
 61116 | Vaults:1 | Reached skill level 18 in Hexes
 61637 | Vaults:1 | Reached XP level 19. HP: 96/96 MP: 35/35
 61934 | Vaults:1 | Bought an ancient dagger for 245 gold pieces
 62180 | Vaults:1 | Reached skill level 15 in Ice Magic
 62183 | Vaults:1 | Identified the +2 dagger of Massacring {pierce, +Fly rF+}
                  | (You bought it in a shop on level 1 of the Vaults)
 62461 | Vaults:1 | Found Xiqum's Distillery.
 62461 | Vaults:1 | Found Solieg's Weapon Emporium.
 62469 | Vaults:1 | Bought a potion of heal wounds for 75 gold pieces
 62469 | Vaults:1 | Bought 2 potions of curing for 90 gold pieces
 63642 | Vaults:2 | Found a staircase to the Crypt.
 63754 | Vaults:2 | Killed from afar by an ancient champion

Skill      XL: |  1  2  3  4  5  6  7  8  9 10 11 12 13 14 15 16 17 18 19 |
---------------+----------------------------------------------------------+-----
Hexes          | 4 5 6 7 9 10 11 12 13 14 15 16 17 18 | 18.2
Spellcasting   | 3 4 5 6 7 8 9 11 | 11.8
Ice Magic      | 1 2 3 4 5 6 8 10 12 13 14 15 | 15.2
Stealth        | 5 6 7 8 10 11 12 13 14 15 16 | 16.3
Dodging        | 4 5 6 7 8 10 11 12 13 14 15 16 | 16.2
Short Blades   | 2 3 4 5 6 7 8 9 10 | 10.0
Evocations     | 1 3 5 6 7 8 10 | 10.0
Invocations    | 2 3 5 6 7 8 9 10 | 10.6
Fighting       | 2 4 6 8 9 |  9.9
Charms         | 2 4 5 |  5.0
Shields        | 2 4 6 7 |  7.2
Translocations | 3 |  3.0
Summonings     | 2 |  2.0
Conjurations   | 1 3 4 5 |  5.6

Action                   |  1- 3 |  4- 6 |  7- 9 | 10-12 | 13-15 | 16-18 | 19-21 || total
-------------------------+-------+-------+-------+-------+-------+-------+-------++-------
Melee: Dagger            |    85 |   110 |   150 |   388 |  1103 |  1281 |   216 ||  3333
 Fire: Hunting sling     |       |       |       |     1 |    40 |       |       ||    41
Throw: Stone             |    26 |     2 |       |       |       |       |       ||    28
       Tomahawk          |       |       |     5 |     1 |       |       |       ||     6
 Cast: Corona            |    19 |     8 |       |       |       |       |       ||    27
       Ensorcelled Hiber |    25 |    60 |    80 |   159 |   245 |   229 |    16 ||   814
       Confuse           |       |    18 |    22 |    34 |   141 |    37 |     6 ||   258
       Tukima's Dance    |       |     1 |    22 |    25 |    70 |    26 |    21 ||   165
       Spectral Weapon   |       |       |       |    12 |    23 |    38 |     4 ||    77
       Invisibility      |       |       |       |     1 |     5 |    32 |       ||    38
       Apportation       |       |       |       |       |     4 |     1 |       ||     5
       Summon Mana Viper |       |       |       |       |       |    69 |    22 ||    91
Invok: Shadow Step       |       |       |       |     5 |     8 |    12 |       ||    25
Evoke: Wand              |       |       |       |    12 |    11 |   115 |       ||   138
       Lamp of fire      |       |       |       |       |     4 |     2 |       ||     6
       Sack of spiders   |       |       |       |       |     1 |       |       ||     1
  Use: Scroll            |     2 |     9 |     1 |    15 |     5 |     8 |     1 ||    41
       Potion            |       |       |     3 |       |       |     4 |       ||     7
 Stab: Sleeping          |    26 |    36 |    56 |   125 |   217 |   212 |    28 ||   700
       Distracted        |     1 |     3 |       |     5 |    15 |    19 |     7 ||    50
       Confused          |       |     7 |    19 |    22 |    89 |    17 |     6 ||   160
       Invisible         |       |       |       |     3 |    29 |   123 |       ||   155
       Paralysed         |       |       |       |     1 |     1 |     6 |       ||     8
  Eat: Ration            |     1 |     3 |     4 |     5 |    10 |    22 |     2 ||    47
Armor: Robe              |    10 |    11 |     8 |     1 |       |       |       ||    30
       Steam dragon scal |       |       |       |    32 |    62 |   125 |    12 ||   231
Dodge: Dodged            |    71 |    98 |   115 |   310 |   546 |  1205 |   154 ||  2499
Block: Buckler           |       |       |       |    63 |   390 |   821 |   131 ||  1405
       Reflection        |       |       |       |       |    27 |    19 |     9 ||    55
